 Dungeon Crawl Stone Soup version 0.19-a0-1697-g0595f0e (webtiles) character file.

520 epen the Slasher (level 7, -2/55 HPs)
             Began as a Formicid Monk on Sept 26, 2016.
             Slain by Potsanchik's ghost (10 damage)
             ... on level 5 of the Dungeon.
             The game lasted 00:08:58 (5895 turns).

epen the Slasher (Formicid Monk)                    Turns: 5895, Time: 00:08:59

Health: -2/55      AC: 10    Str: 22    XL:     7   Next: 45%
Magic:  7/7        EV: 13    Int:  9    God:
Gold:   172        SH:  0    Dex: 13    Spells: 0 memorised, 6 levels left

rFire  . . .     SeeInvis +     a - +0 falchion
rCold  . . .     Gourm    +     x - +5 leather armour "Igykh" {SInv}
rNeg   . . .     Faith    .     (no shield)
rPois  .         Spirit   .     (helmet unavailable)
rElec  .         Dismiss  .     (no cloak)
rCorr  .         Reflect  .     f - +0 pair of gloves
MR     .....     Harm     .     (no boots)
Stlth  ++........               m - amulet of the gourmand
                                (no ring)
                                l - +4 ring of strength

@: no status effects
A: permanent stasis, dig shafts and tunnels, four strong arms, antennae 3
a: Dig, Shaft Self


You were on level 5 of the Dungeon.
You were completely stuffed.

You visited 2 branches of the dungeon, and saw 6 of its levels.
You also visited: Sewer.

You collected 172 gold pieces.

Inventory:

Hand Weapons
 a - a +0 falchion (weapon)
 s - a +2 whip of venom
Armour
 b - a +0 robe
 f - a +0 pair of gloves (worn)
 x - the +5 leather armour "Igykh" (worn) {SInv}
   (You found it on level 4 of the Dungeon)

   It lets you see invisible.
 y - a +0 plate armour
Jewellery
 l - a +4 ring of strength (left hand)
 m - an amulet of the gourmand (around neck)
 u - an uncursed ring of ice
Wands
 B - a wand of iceblast (1/15)
Scrolls
 h - 2 scrolls of remove curse
 k - a scroll of magic mapping
 o - a scroll of blinking {unknown}
 p - a scroll of enchant weapon {unknown}
 v - a scroll of teleportation {unknown}
 z - a scroll of amnesia {unknown}
 A - a scroll of random uselessness {unknown}
 C - 2 scrolls of immolation {unknown}
Potions
 d - 2 potions of might
 e - 4 potions of berserk rage
 g - a potion of brilliance {unknown}
 i - 2 potions of agility {unknown}
 n - a potion of degeneration {unknown}
 t - a potion of haste {unknown}
 w - a potion of mutation {unknown}
 D - a potion of heal wounds {unknown}
 E - 2 potions of flight {unknown}
 F - a potion of curing {unknown}
Comestibles
 c - 3 bread rations
 q - 2 meat rations
 r - a slice of pizza


   Skills:
 + Level 4.4 Fighting
 * Level 5.7 Long Blades
 + Level 3.8 Armour
 + Level 3.8 Dodging
 - Level 2.4 Stealth


You had 6 spell levels left.
You didn't know any spells.

Dungeon Overview and Level Annotations

Branches:
Dungeon (5/15)             Temple (1/1) D:4

Altars:
Ashenzari
Cheibriados
Dithmenos
Elyvilon
Kikubaaqudgha
Nemelex Xobeh
Okawaru
Qazlal
Uskayaw
Vehumet
Yredelemnul
Zin
The Shining One

Annotations:
D:2 Crazy Yiuf
D:3 exclusions: door and 1 more exclusion, Sigmund
D:4 Ijustatesigmund's ghost, novice HaWz
D:5 Potsanchik's ghost, novice DEGl


Innate Abilities, Weirdness & Mutations

You are under a permanent stasis effect.
You can dig through walls and to a lower floor.
Your four strong arms can wield two-handed weapons with a shield.
You have a pair of large antennae on your head. (SInv)


Message History

You barely miss Potsanchik's ghost.
Potsanchik's ghost is severely damaged.
You barely miss Potsanchik's ghost.
Potsanchik's ghost is severely damaged.
Potsanchik's ghost hits you.
* * * LOW HITPOINT WARNING * * *
You completely miss Potsanchik's ghost.
Potsanchik's ghost is severely damaged.
Potsanchik's ghost barely misses you.
You hit Potsanchik's ghost but do no damage.
Potsanchik's ghost is severely damaged.
Potsanchik's ghost hits you.
* * * LOW HITPOINT WARNING * * *
You closely miss Potsanchik's ghost.
Potsanchik's ghost is severely damaged.
Potsanchik's ghost hits you but does no damage.
You miss Potsanchik's ghost.
Potsanchik's ghost is severely damaged.
Potsanchik's ghost hits you!
You die...

,,,,*,,****,,**,,*,,**..*##.#####
,,,**,,*****,,,,....**#..#.......
,,**,,...##*,***....,**#.........
***,,,.....,,* *#..,,,,#.........
*,,.........** #.#**,,,.###...##
***.........* ##.###########..##
* *....###..#* #...≈≈≈≈≈≈≈≈≈....#
##*#...##....*##...≈≈≈≈.≈≈≈≈..#..
.# #.........##W@..≈≈≈≈≈≈≈≈≈.###.
.###.#**#......##.############ ##
..#..# ###..####.....#..# #.# #
.....## ##.* ##...###.###.####
#..#..#####W#* #..## #..##...##
#..###...##.# #..####.........
#.## ###....# #..##...##.#####
#.# ##...######.....####..####
..# #............### ##.....


You could see Potsanchik's ghost.

Vanquished Creatures
  An ogre (D:4)
  A big kobold (Sewer)
  A hound (D:4)
  Natasha (thrice) (D:3)
  A worker ant (D:4)
  4 adders
  11 gnolls
  3 river rats (Sewer)
  A worm (D:3)
  6 leopard geckos
  6 bats
  7 giant cockroaches
  5 goblins
  10 hobgoblins
  2 jackals (Sewer)
  13 kobolds
  6 frilled lizards
  7 rats
88 creatures vanquished.

Notes
Turn   | Place    | Note
-------+----------+-------------------------------------------
     0 | D:1      | epen the Formicid Monk began the quest for the Orb.
     0 | D:1      | Reached XP level 1. HP: 18/18 MP: 1/1
   212 | D:1      | Reached XP level 2. HP: 18/24 MP: 2/2
   531 | D:1      | Reached skill level 1 in Armour
   696 | D:1      | Reached XP level 3. HP: 17/29 MP: 3/3
  1249 | D:2      | Found a glowing golden altar of the Shining One.
  1722 | D:2      | Found a runed door.
  1844 | D:2      | Noticed Crazy Yiuf
  2174 | D:3      | Reached XP level 4. HP: 24/36 MP: 4/4
  2450 | D:3      | Reached skill level 4 in Long Blades
  2482 | D:3      | Reached XP level 5. HP: 40/42 MP: 5/5
  2614 | D:3      | Noticed Natasha
  2622 | D:3      | Killed Natasha
  2769 | D:3      | Noticed Natasha
  2777 | D:3      | Killed Natasha
  2897 | D:3      | Reached XP level 6. HP: 23/48 MP: 6/6
  2902 | D:3      | Noticed Natasha
  2952 | D:3      | Killed Natasha
  3167 | D:3      | Noticed Sigmund
  3898 | D:4      | Noticed an ogre
  3905 | D:4      | Killed an ogre
  3905 | D:4      | Reached skill level 5 in Long Blades
  3913 | D:4      | Got a brightly glowing leather armour
  4063 | D:4      | Noticed Ijustatesigmund's ghost (novice HaWz)
  4394 | D:4      | Found a staircase to the Ecumenical Temple.
  4405 | Temple   | Entered the Ecumenical Temple
  4500 | D:4      | Reached XP level 7. HP: 50/54 MP: 7/7
  5265 | D:5      | Entered Level 5 of the Dungeon
  5277 | D:5      | Identified the +5 leather armour "Igykh" {SInv} (You found it on level 4 of the Dungeon)
  5311 | D:5      | Found a glowing drain.
  5333 | Sewer    | Entered a sewer
  5708 | Sewer    | Found a glowing silver altar of Zin.
  5850 | D:5      | Noticed Potsanchik's ghost (novice DEGl)
  5895 | D:5      | Slain by Potsanchik's ghost

Vault maps used:
D:1:      kennysheep_arrival_seaside
D:2:      nicolae_overflow_crystal_walls, first_bread,
          kennysheep_generic_room_11, uniq_crazy_yiuf_cottage
D:3:      kennysheep_generic_room_2, uniq_natasha, uniq_sigmund
D:5:      black_bear_nest_1, regret_index_temple_of_mockery, tgw_trog,
          portal_sewer_entry_f
Temple:   nicolae_temple_no_exploring_needed
Sewer:    sewer_kobolds

Skill      XL: |  1  2  3  4  5  6 |
---------------+-------------------+-----
Armour         | 1 2 3 |  3.8
Dodging        | 3 |  3.8
Long Blades    | 4 5 |  5.7
Fighting       | 4 |  4.4
Stealth        | |  2.4

Action                   |  1- 3 |  4- 6 |  7- 9 || total
-------------------------+-------+-------+-------++-------
Melee: Falchion          |   163 |    92 |   132 ||   387
       Whip              |       |   106 |    17 ||   123
  Use: Scroll            |       |       |     4 ||     4
 Stab: Sleeping          |     3 |     1 |     2 ||     6
  Eat: Chunk             |     3 |     8 |    14 ||    25
Armor: Robe              |    45 |    24 |       ||    69
       Plate armour      |       |    48 |    14 ||    62
       Leather armour    |       |       |    30 ||    30
Dodge: Dodged            |   105 |    84 |    93 ||   282
